 Dungeon Crawl Stone Soup version 0.31.0-12-g77e489cdc1 (webtiles) character file.

Game seed: 17008095063717768200

6048 popoopuu the Basher (level 10, -11/81 HPs)
             Began as a Minotaur Berserker on Feb 12, 2024.
             Was an Elder of Trog.
             Mangled by a cyclops (23 damage)
             ... on level 8 of the Dungeon on Feb 14, 2024.
             The game lasted 00:20:44 (7314 turns).

popoopuu the Basher (Minotaur Berserker)            Turns: 7314, Time: 00:20:45

Health: -11/81     AC: 15    Str: 26      XL:     10   Next: 57%
Magic:  0/10       EV: 10    Int:  3 (4)  God:    Trog [****..]
Gold:   475        SH:  0    Dex: 10      Spells: 9/9 levels left

rFire   . . .        a - +2 dire flail (flame)
rCold   . . .        (shield currently unavailable)
rNeg    . . .        d - +0 chain mail
rPois   .            (helmet restricted)
rElec   .            q - +0 cloak
rCorr   +            m - +0 pair of gloves
SInv    .            (no boots)
Will    .....        g - amulet of guardian spirit Stlth
                     h - ring of resist corrosion
HPRegen 0.33/turn    (no ring)
MPRegen 0.12/turn

%: guardian spirit
@: no status effects
A: horns 2, retaliatory headbutt, deterioration 1, frail 1, high MP 1, evolution
1
a: Renounce Religion, Berserk, Trog's Hand, Brothers in Arms


You were on level 8 of the Dungeon.
You worshipped Trog.
Trog was greatly pleased with you.
You visited 2 branches of the dungeon, and saw 10 of its levels.

You collected 475 gold pieces.

Inventory:

Hand Weapons
 a - a +2 dire flail of flaming (weapon)
 p - a +0 war axe
Missiles
 b - 4 throwing nets (quivered)
Armour
 d - a +0 chain mail (worn)
 m - a +0 pair of gloves (worn)
 n - a +0 troll leather armour
 q - a +0 cloak (worn)
Jewellery
 g - an amulet of guardian spirit (around neck)
 h - a ring of resist corrosion (left hand)
 s - a ring of poison resistance
Scrolls
 f - a scroll of identify
 i - a scroll of fog
 j - a scroll of revelation
 l - a scroll of teleportation
 o - a scroll of fear
Potions
 c - a potion of resistance
 e - 2 potions of curing
 k - 2 potions of magic
 t - a potion of heal wounds


   Skills:
 + Level 9.1 Fighting
 + Level 12.5 Maces & Flails
 + Level 11.3 Armour
 + Level 4.8 Dodging
 + Level 1.5 Stealth


You had 9 spell levels left.
You didn't know any spells.
Your spell library was empty.

Dungeon Overview and Level Annotations

Branches:
Dungeon (9/15)             Temple (1/1) D:5
   Lair: D:8-11         Orc: D:9-12

Altars:
Ashenzari
Cheibriados
Dithmenos
Fedhas
Gozag
Hepliaklqana
Kikubaaqudgha
Makhleb
Nemelex Xobeh
Okawaru
Qazlal
Ru
Sif Muna
Trog
Uskayaw
Vehumet
Wu Jian
Xom
Yredelemnul
Zin
The Shining One

Shops:
D:1 *(*   D:9 (


Innate Abilities, Weirdness & Mutations

You have a pair of horns on your head.
You reflexively headbutt those who attack you in melee.
Your body sometimes deteriorates upon taking damage.
You are frail. (-10% HP)
You have an increased reservoir of magic. (+10% MP)
You have hidden genetic potential.


Message History

The kobold throws a stone.
The stone hits you but does no damage. The kobold hits you but does no damage.
The kobold hits you but does no damage. The kobold hits you but does no damage.
The kobold closely misses you. The kobold barely misses you.
The kobold hits you but does no damage. The kobold hits you but does no damage.
The kobold hits you but does no damage.
You bludgeon the kobold!! You burn the kobold.
You kill the kobold!
Trog accepts your kill.
Things that are here:
a +0 whip; 2 stones; a kobold corpse Unknown command.
The kobold shouts!
You hear a shout!
The kobold throws a stone.
The stone hits you. The kobold completely misses you.
The kobold hits you but does no damage. The kobold hits you but does no damage.
The kobold barely misses you. The kobold barely misses you.
You furiously retaliate!
You headbutt the kobold. The kobold hits you but does no damage.
The cyclops hits you. The kobold completely misses you. The cyclops hits you!
The kobold hits you with a +0 short sword.
The kobold hits you but does no damage.
The cyclops hits you but does no damage.
The kobold misses you. The cyclops barely misses you. You furiously retaliate!
You headbutt the cyclops. The kobold closely misses you.
You furiously retaliate!
You headbutt the kobold.
You kill the kobold!
Trog accepts your kill.
The cyclops hits you but does no damage.
The cyclops hits you! The cyclops hits you!!
* * * LOW HITPOINT WARNING * * *
Your body deteriorates!
You feel dopey. The cyclops attacks as it pursues you! The cyclops hits you!!
You die...

###. ..##...##
.#...##.##)†##
......#.#).##
........)..#
........)#.#
.>............#).#
..............#)##
........#...#..#C#
..[.#..####.#..#@#
...##...###§#.o#.#
#.###....##K#o.<.#
#.##.###§#KK....##
#.#.###.)§§§##.#
#.####..o##f##.#
.⌠.......##§##.########
#.####oK###§##........#
#.#.###†K##.##........#


You could see a cyclops.

Vanquished Creatures
  The ghost of Consumeair16 the Shield-Bearer, a novice GnFi of Yredelemnul (D:7)
  Pikel (D:4)
  Grinder (D:4)
  Prince Ribbit (D:7)
  A troll (D:9)
  Sigmund (D:4)
  A shadow (D:8)
  A vampire (D:8)
  The ghost of Gadfly the Changeling, an amateur MfSh of Gozag (D:4)
  Edmund (D:4)
  Menkaure (D:5)
  An acid dragon (D:8)
  2 water moccasins
  A black bear (D:5)
  An ice beast (D:7)
  An orc warrior (D:8)
  Pargi (D:4)
  An ogre (D:7)
  2 centaurs
  3 lemures (D:4)
  A phantom (D:6)
  A bullfrog (D:7)
  A kobold brigand (D:9)
  Blork the orc (D:5)
  A gnoll sergeant (D:8)
  2 scorpions
  15 wights
  3 killer bees (D:9)
  2 howler monkeys (D:8)
  2 bombardier beetles
  5 hounds
  A jelly (D:8)
  2 gnoll boudas (D:7)
  An orc priest (D:8)
  7 iguanas
  12 gnolls
  7 adders
  5 white imps
  2 ufetubi (D:7)
  2 dart slugs (D:1)
  9 orcs
  7 bats
  8 endoplasms
  7 giant cockroaches
  6 goblins
  8 hobgoblins
  3 jackals (D:5)
  9 kobolds
  3 quokkas
  6 ball pythons
  A frilled lizard (D:1)
  2 rats (D:1)
166 creatures vanquished.

Vanquished Creatures (collateral kills)
  A troll (D:9)
  A yak (D:9)
  A kobold brigand (D:9)
3 creatures vanquished.

Grand Total: 169 creatures vanquished

Notes
Turn   | Place    | Note
-------+----------+-------------------------------------------
     0 | D:1      | popoopuu the Minotaur Berserker began the quest for the
                  | Orb.
     0 | D:1      | Reached XP level 1. HP: 19/19 MP: 0/0
   147 | D:1      | Reached skill level 4 in Maces & Flails
   147 | D:1      | Reached XP level 2. HP: 22/27 MP: 1/1
   172 | D:1      | Found Notoez's Antique Weapon Shoppe.
   231 | D:1      | Found Cahe Itont's General Store.
   479 | D:1      | Found Luomnol's Assorted Antiques.
  1084 | D:2      | Found a blossoming altar of Fedhas.
  1089 | D:2      | Reached XP level 3. HP: 33/33 MP: 2/2
  1153 | D:2      | Reached ** piety under Trog
  1450 | D:2      | Reached skill level 5 in Maces & Flails
  1450 | D:2      | Reached XP level 4. HP: 41/41 MP: 3/3
  1799 | D:3      | Found an iron altar of Okawaru.
  2144 | D:3      | Reached XP level 5. HP: 26/47 MP: 2/4
  2545 | D:4      | Found a stormy altar of Qazlal.
  2563 | D:4      | Noticed Edmund
  2579 | D:4      | Killed Edmund
  2580 | D:4      | Reached skill level 5 in Fighting
  2580 | D:4      | Reached skill level 6 in Maces & Flails
  2580 | D:4      | Reached XP level 6. HP: 23/56 MP: 2/5
  2711 | D:4      | Found a snail-covered altar of Cheibriados.
  2716 | D:4      | Noticed Grinder
  2726 | D:4      | Killed Grinder
  2938 | D:4      | Noticed Pikel
  2952 | D:4      | Killed Pikel
  2953 | D:4      | Reached skill level 7 in Maces & Flails
  2953 | D:4      | Reached XP level 7. HP: 63/63 MP: 4/6
  3008 | D:4      | Noticed Sigmund
  3024 | D:4      | Killed Sigmund
  3025 | D:4      | Reached skill level 8 in Maces & Flails
  3025 | D:4      | Reached skill level 1 in Stealth
  3025 | D:4      | Reached XP level 8. HP: 63/71 MP: 7/7
  3045 | D:4      | Gained mutation: You have hidden genetic potential. [potion
                  | of mutation]
  3045 | D:4      | Gained mutation: Your body sometimes deteriorates upon
                  | taking damage. [potion of mutation]
  3045 | D:4      | Gained mutation: You are frail. (-10% HP) [potion of
                  | mutation]
  3188 | D:4      | Found a runed translucent door.
  3188 | D:4      | Noticed Gadfly's ghost (amateur MfSh)
  3203 | D:4      | Killed Gadfly's ghost
  3505 | D:4      | Noticed Pargi
  3509 | D:4      | Killed Pargi
  3554 | D:4      | Reached *** piety under Trog
  3798 | D:5      | Entered Level 5 of the Dungeon
  3821 | D:5      | Noticed Blork the orc
  3831 | D:5      | Killed Blork the orc
  3832 | D:5      | Reached skill level 9 in Maces & Flails
  3838 | D:5      | Found a staircase to the Ecumenical Temple.
  3850 | Temple   | Entered the Ecumenical Temple
  4028 | D:5      | Identified the +11 rapier of Ledduog {venom, Int+3}
  4310 | D:5      | Noticed Menkaure
  4321 | D:5      | Killed Menkaure
  4461 | D:5      | Reached XP level 9. HP: 52/71 MP: 6/8
  4474 | D:5      | Gained mutation: You have an increased reservoir of magic.
                  | (+10% MP) [hidden potential]
  4657 | D:6      | Reached skill level 10 in Maces & Flails
  5346 | D:7      | Found a runed translucent door.
  5346 | D:7      | Noticed Consumeair16's ghost (novice GnFi)
  5386 | D:7      | Reached skill level 11 in Maces & Flails
  5596 | D:7      | Killed Consumeair16's ghost
  5597 | D:7      | Reached skill level 10 in Armour
  5659 | D:7      | Found a burning altar of Makhleb.
  6006 | D:7      | Noticed Prince Ribbit
  6014 | D:7      | Killed Prince Ribbit
  6015 | D:7      | Reached XP level 10. HP: 74/79 MP: 8/10
  6027 | D:7      | Gained mutation: You have great hidden genetic potential.
                  | [hidden potential]
  6027 | D:7      | Lost mutation: You have great hidden genetic potential.
                  | [hidden potential expressed]
  6586 | D:8      | Noticed a cyclops
  6615 | D:8      | Reached skill level 12 in Maces & Flails
  6620 | D:8      | HP: 3/81 [cyclops/large rock (33)]
  6639 | D:8      | Reached **** piety under Trog
  6677 | D:8      | Noticed a meliai
  6884 | D:9      | Found Beog's Weapon Emporium.
  7032 | D:9      | Noticed a cyclops
  7032 | D:9      | Noticed a cyclops
  7036 | D:9      | Noticed a deep elf pyromancer
  7049 | D:9      | Noticed a cyclops
  7061 | D:9      | Noticed a deep elf pyromancer
  7061 | D:9      | Noticed a tengu warrior
  7081 | D:9      | Noticed a two-headed ogre
  7314 | D:8      | Mangled by a cyclops

Illustrated notes

Levels and vault maps discovered:
D:1:      dpeg_arrival_renting, layout_basic, serial_shops, nicolae_shop_trees,
          nicolae_shop_rolling_square, nicolae_shop_crystal
D:2:      layout_rooms, basic_altar, hex_tiny, skrybe_limestone_x
D:3:      layout_basic, okawaru_altar_gauntlet_db
D:4:      layout_loops_corners, mainiacjoe_overflow_large_starburst,
          gammafunk_ghost_grave, corexii_hall_statues_x, uniq_pikel, uniq_pargi,
          uniq_grinder, uniq_edmund, uniq_sigmund
D:5:      layout_rooms, minmay_temple_entry_wispy, uniq_blork_the_orc,
          uniq_menkaure
D:6:      layout_rooms, chequers_jeans
D:7:      layout_basic, lemuel_tele_altar, hellmonk_ghost_happy_afterlife,
          nicolae_kite_square_tiling_tiny, uniq_prince_ribbit1
D:8:      layout_rooms, kb_rosetta
D:9:      layout_stronghold, dpeg_lair_monsters, serial_shops, shop_fountains,
          hangedman_decor_opposing, nicolae_rejected_hall
Temple:   minmay_temple_bridge_d

Skill      XL: |  1  2  3  4  5  6  7  8  9 10 |
---------------+-------------------------------+-----
Fighting       | 4 5 6 7 8 9 |  9.1
Maces & Flails | 4 5 6 7 8 9 11 12 | 12.5
Armour         | 3 6 8 10 11 | 11.3
Dodging        | 3 4 |  4.8
Stealth        | 1 |  1.5

Action                     |  1- 3 |  4- 6 |  7- 9 | 10-12 || total
---------------------------+-------+-------+-------+-------++-------
  Melee: Mace              |    74 |    43 |       |       ||   117
         Headbutt          |     5 |     8 |    27 |     9 ||    49
         Punch             |     1 |       |       |       ||     1
         Dire flail        |       |    26 |   172 |    87 ||   285
 Invoke: Berserk           |       |     2 |     6 |     3 ||    11
         Trog's Hand       |       |     1 |     2 |     2 ||     5
         Brothers in Arms  |       |       |       |     1 ||     1
    Use: Potion            |       |       |     8 |     3 ||    11
         Scroll            |       |       |    11 |     1 ||    12
 Armour: Animal skin       |    18 |       |       |       ||    18
         Chain mail        |    28 |    61 |   217 |   167 ||   473
  Dodge: Dodged            |    70 |    40 |   116 |    87 ||   313
